[Event "Early-Titled-Tuesday-Blitz-November-28-2023"]
[Site "Chess.com"]
[Date "2023.11.28"]
[Round "7"]
[White "xamax2000"]
[Black "GmSergioBarrientos"]
[Result "1-0"]
[WhiteElo "2931"]
[BlackElo "2721"]
[TimeControl "180+1"]
[EndTime "9:23:51 PST"]
[Termination "xamax2000 won by checkmate"]

1. Nf3 Nf6 2. c4 e6 3. g3 d5 4.
Bg2 dxc4 5. Qa4+ Nbd7 6. Qxc4 a6 7. Qb3 c5 8. d3 Bd6 9. a4 Rb8 10. a5 O-O 11. O-O Bc7 12. Bd2 Nd5 13. Rc1 Ne7 14.
Qa3 Nc6 15. Bc3 Re8 16. Nbd2 Bd6 17. Nc4 Bf8 18. Qb3 Nf6 19. Nfe5 Nb4 20. d4 Nfd5 21. dxc5 Bxc5 22. Be1 Qe7 23. e4 Nf6 24. Bxb4 Bxb4 25.
Nd3 Bc5 26. e5 Nd7 27. Nxc5 Nxc5 28. Qa3 Nd7 29. Qxe7 Rxe7 30. Nd6 Nxe5 31. Nxc8 Rd7 32. Nb6 Rd2 33. b4 h5 34. Rd1 Rb2 35. Rab1 Ra2 36. h3 h4 37. g4 Ng6 38. Rbc1 Nf4 39. Bf1 Rb2 40. Rc4 g5 41. Nd7 Ra8 42. Nf6+ Kg7 43.
Nh5+ Nxh5 44. gxh5 Kh6 45. Rd7 f5 46. Re7 Kxh5 47.
Rxe6 Rd8 48. Be2+ g4 49. hxg4+ Kg5 50. f4# 1-0

[Event "Early-Titled-Tuesday-Blitz-November-28-2023"]
[Site "Chess.com"]
[Date "2023.11.28"]
[Round "7"]
[White "Anton_Demchenko"]
[Black "zajka-molotok"]
[Result "1-0"]
[WhiteElo "2939"]
[BlackElo "2499"]
[TimeControl "180+1"]
[EndTime "9:23:51 PST"]
[Termination "Anton_Demchenko won by resignation"]

1. e4 c6 2. d4 d5 3. e5 Bf5 4.
Bd3 Bxd3 5. Qxd3 e6 6. c3 c5 7. Ne2 Nc6 8. O-O Nge7 9. Nd2 Nf5 10. Nf3 Be7 11. g4 Nh4 12. Nxh4 Bxh4 13. f4 Be7 14. Be3 cxd4 15. cxd4 h5 16. f5 hxg4 17. fxe6 fxe6 18.
Nf4 Rh6 19. Ng6 Nb4 20. Qb5+ Qd7 21. Qxd7+ Kxd7 22. Bxh6 gxh6 23. Rf7 Nc6 24. Rc1 Rg8 25. Nxe7 Nxe7 26. Kg2 h5 27. Rh7 Rf8 28. Rf1 Re8 29. Rff7 Kd8 30. Kg3 Nf5+ 31. Kf4 Re7 32. Rxe7 Nxe7 33.
Rxh5 Nc6 34. Ke3 Na5 35. b3 Nc6 36. Rg5 Nb4 37. Rxg4 Nxa2 38. h4 1-0

[Event "Early-Titled-Tuesday-Blitz-November-28-2023"]
[Site "Chess.com"]
[Date "2023.11.28"]
[Round "7"]
[White "katharinareinecke"]
[Black "GAusal"]
[Result "0-1"]
[WhiteElo "1995"]
[BlackElo "2296"]
[TimeControl "180+1"]
[EndTime "9:23:52 PST"]
[Termination "GAusal won by resignation"]

1. d4 d5 2. c4 c6 3. Nf3 dxc4 4. e3 b5 5. a4 e6 6. b3 Bb4+ 7. Bd2 Bxd2+ 8. Nbxd2 c3 9. Ne4 b4 10. Ne5 Nf6 11. Nc5 Nbd7 12. Nxc6 Qb6 13. Nxd7 Bxd7 14. Ne5 O-O 15. Bd3 Bc6 16. O-O a5 17. Nxc6 Qxc6 18.
Qf3 Qxf3 19. gxf3 Rac8 20. Bc4 Rxc4 21. bxc4 b3 22. Rab1 b2 23. Rfe1 Rb8 24. Re2 Rb4 25. c5 Rxa4 26. Rc2 Ra1 27. c6 Nd5 28. Rxc3 Rxb1+ 29.
Kg2 Rc1 30. Rb3 b1=Q 31. Rxb1 Rxb1 32. c7 Nxc7 0-1

[Event "Early-Titled-Tuesday-Blitz-November-28-2023"]
[Site "Chess.com"]
[Date "2023.11.28"]
[Round "7"]
[White "Msb2"]
[Black "ActorXu"]
[Result "1/2-1/2"]
[WhiteElo "3042"]
[BlackElo "2846"]
[TimeControl "180+1"]
[EndTime "9:23:54 PST"]
[Termination "Game drawn by repetition"]

1. d4 Nf6 2. c4 e6 3. Nc3 Bb4 4. e3 O-O 5. Bd2 d5 6. Nf3 b6 7. cxd5 exd5 8. Rc1 Bb7 9. Bd3 Re8 10. Ne5 Bf8 11. f4 c5 12. g4 Ne4 13. g5 cxd4 14. exd4 Nc6 15. Be3 Nxe5 16. fxe5 Qd7 17. O-O Qh3 18.
Qf3 Qxf3 19. Rxf3 Nxc3 20. bxc3 Rac8 21. Bd2 g6 22. h4 Rc7 23. Rcf1 Bc8 24. Rf4 Be6 25. Be2 Be7 26. Bg4 Rf8 27. Kg2 Rc4 28. R1f2 b5 29. Kg3 a5 30. Be1 b4 31. cxb4 axb4 32.
Rb2 Rfc8 33. Rbf2 Rf8 34. Rb2 Rfc8 35. Rbf2 Rf8 1/2-1/2

[Event "Early-Titled-Tuesday-Blitz-November-28-2023"]
[Site "Chess.com"]
[Date "2023.11.28"]
[Round "7"]
[White "DenisQ"]
[Black "FairChess_on_YouTube"]
[Result "0-1"]
[WhiteElo "2683"]
[BlackElo "3073"]
[TimeControl "180+1"]
[EndTime "9:23:54 PST"]
[Termination "FairChess_on_YouTube won by resignation"]

1. Nf3 b5 2. c3 e6 3. a4 b4 4. a5 Nf6 5. g3 d5 6. Bg2 Ba6 7.
O-O c5 8. cxb4 cxb4 9. d3 Be7 10. Qa4+ Nbd7 11. Ne5 Qc7 12. Bf4 Qb7 13. Nxd7 Nxd7 14.
Rc1 Bb5 15. Qd1 O-O 16. a6 Qb6 17. Be3 Bc5 18. Bxc5 Nxc5 19. Nd2 Rfc8 20. Nb3 Nxa6 21.
e4 dxe4 22. Bxe4 Rxc1 23. Rxc1 Rd8 24. Qc2 h6 25. g4 Ba4 26. Qc4 Bxb3 27. Qxb3 Nc5 28.
Qc4 Nxe4 29. dxe4 Rd2 30. Rc2 Qxf2+ 0-1

[Event "Early-Titled-Tuesday-Blitz-November-28-2023"]
[Site "Chess.com"]
[Date "2023.11.28"]
[Round "7"]
[White "VitaliyChayka"]
[Black "Shuvalov"]
[Result "1-0"]
[WhiteElo "2434"]
[BlackElo "2566"]
[TimeControl "180+1"]
[EndTime "9:23:59 PST"]
[Termination "VitaliyChayka won by checkmate"]

1. d4 Nf6 2. Bf4 d5 3. e3 e6 4.
Nf3 c5 5. c3 Nc6 6. Nbd2 Bd6 7.
Bg3 O-O 8. Bd3 b6 9. Ne5 Ne7 10. f4 Bb7 11. Qf3 Nf5 12. Bf2 Be7 13. O-O Nd6 14.
Qh3 Nfe4 15. Rad1 Qc8 16. dxc5 bxc5 17. Nxe4 dxe4 18. Be2 c4 19. Bh4 f6 20. Bg4 Nf5 21.
Bxf5 exf5 22. Rd7 Bc5 23. Qg3 Bxe3+ 24. Kh1 g6 25. Rxh7 Kxh7 26. Qxg6+ Kh8 27. Nf7+ Rxf7 28. Qxf7 Bd4 29. cxd4 e3 30. Bxf6# 1-0

[Event "Early-Titled-Tuesday-Blitz-November-28-2023"]
[Site "Chess.com"]
[Date "2023.11.28"]
[Round "7"]
[White "ArtemDyachuk"]
[Black "ideika"]
[Result "1-0"]
[WhiteElo "2518"]
[BlackElo "2191"]
[TimeControl "180+1"]
[EndTime "9:24:01 PST"]
[Termination "ArtemDyachuk won on time"]

1. e4 c5 2. Nf3 e6 3. d4 cxd4 4. Nxd4 Nf6 5. Nc3 Nc6 6. Ndb5 Bb4 7. a3 Bxc3+ 8. Nxc3 d5 9. exd5 exd5 10. Bd3 d4 11. Ne2 Bf5 12. O-O Bxd3 13. Qxd3 O-O 14. Bg5 Rc8 15.
Ng3 h6 16. Bxf6 Qxf6 17. Rfe1 a6 18. Re4 Rfd8 19. Rae1 b5 20. h3 g6 21. Qd2 Kg7 22. Rg4 Kh7 23. Ne4 Qf5 24. Rh4 h5 25. g4 Ne5 26.
Kf1 Nc4 27. gxf5 Nxd2+ 28. Nxd2 Rxc2 29. Nf3 Rxb2 30. fxg6+ fxg6 31. Re7+ Kh6 32. Rf4 d3 33. Rff7 Rb1+ 34. Kg2 Rh8 35. h4 1-0

[Event "Early-Titled-Tuesday-Blitz-November-28-2023"]
[Site "Chess.com"]
[Date "2023.11.28"]
[Round "7"]
[White "kingofthenil"]
[Black "Volodar_Murzin"]
[Result "0-1"]
[WhiteElo "2722"]
[BlackElo "2933"]
[TimeControl "180+1"]
[EndTime "9:24:02 PST"]
[Termination "Volodar_Murzin won on time"]

1. e4 c5 2. Nf3 e6 3. d4 cxd4 4. Bg5 Qb6 5. Qxd4 Nc6 6. Qxb6 axb6 7. Nc3 Bb4 8. Bd2 Nf6 9. Bd3 Ng4 10. h3 Nge5 11. Nxe5 Nxe5 12. f4 Nc6 13. Nb5 Bxd2+ 14. Kxd2 Ke7 15. e5 f6 16. Rhe1 fxe5 17. fxe5 Rf8 18.
Re2 h6 19. a3 Ra5 20. Rae1 Rxb5 21. Bxb5 Nd4 22. Bd3 Nxe2 23. Rxe2 Rf1 24. Re4 Rf2+ 25.
Re2 Rf7 26. Re4 d5 27. exd6+ Kxd6 28. Rb4 Rf2+ 29. Kc3 Rxg2 30. Rxb6+ Kc7 31. Rb4 g5 32. h4 g4 33. Kd4 Rh2 34. Ke5 Rxh4 35. Rc4+ Kb8 36.
Kf6 h5 37. Ke7 e5 38. Be4 g3 39. Rb4 Rxe4 40. Rxe4 g2 41. Re1 h4 0-1

[Event "Early-Titled-Tuesday-Blitz-November-28-2023"]
[Site "Chess.com"]
[Date "2023.11.28"]
[Round "7"]
[White "Lady_Nika"]
[Black "DeArron_Fox"]
[Result "1-0"]
[WhiteElo "2571"]
[BlackElo "2470"]
[TimeControl "180+1"]
[EndTime "9:24:02 PST"]
[Termination "Lady_Nika won by resignation"]

1. g4 d5 2. h3 e5 3. Bg2 Nf6 4. e3 h5 5. g5 Ne4 6. h4 Bf5 7. d3 Nc5 8. Nc3 c6 9. Nge2 Nbd7 10. Bd2 f6 11. Ng3 Bg4 12. f3 Be6 13. f4 exf4 14.
exf4 Bg4 15. Bf3 Qe7+ 16. Kf2 Bxf3 17. Qxf3 O-O-O 18. Rae1 Qf7 19. Re2 Bd6 20. Rhe1 fxg5 21. fxg5 Qxf3+ 22. Kxf3 Rhf8+ 23. Kg2 Kc7 24. d4 Na6 25. a3 b5 26. Nd1 Nb6 27. Ne3 g6 28. Ba5 Nb8 29. Nef1 Nd7 30. Re6 Bxg3 31. Nxg3 Kb7 32.
Rxg6 Nc4 33. Bb4 Rf7 34. Re7 Rxe7 35. Bxe7 Re8 36. Rg7 Nxb2 37. Nxh5 Nc4 38. Nf6 Ne3+ 39. Kf3 Nxf6 40. gxf6 Nf5 41. Rh7 Kc8 42. f7 Nxd4+ 43. Kf2 1-0

[Event "Early-Titled-Tuesday-Blitz-November-28-2023"]
[Site "Chess.com"]
[Date "2023.11.28"]
[Round "7"]
[White "DenLaz"]
[Black "GaiozNigalidze"]
[Result "1/2-1/2"]
[WhiteElo "3031"]
[BlackElo "2687"]
[TimeControl "180+1"]
[EndTime "9:24:03 PST"]
[Termination "Game drawn by repetition"]

1. d4 d5 2. c4 e6 3. Nf3 Be7 4. g3 Nf6 5. Bg2 O-O 6. Qc2 c6 7. O-O b6 8. Nc3 Bb7 9. e4 dxe4 10. Nxe4 Nxe4 11. Qxe4 Nd7 12. Bf4 Nf6 13. Qe2 c5 14. Rad1 cxd4 15. Nxd4 Qc8 16. b3 Bxg2 17. Kxg2 Qb7+ 18.
Qf3 Qxf3+ 19. Kxf3 Rfc8 20. Rd3 a6 21. Rc1 Kf8 22.
Ke2 Ke8 23. Nf3 Rd8 24. Be3 Rxd3 25. Kxd3 Nd7 26. Nd2 Rc8 27. Ke2 h6 28. h4 Rc6 29.
Nf3 Kd8 30. Rd1 Kc8 31. Rxd7 Kxd7 32. Ne5+ Kc7 33. Nxc6 Kxc6 34. h5 Bf6 35. Kd3 Bb2 36. g4 f6 37. f3 Be5 38. Bd4 Bxd4 39. Kxd4 Kd6 40. b4 Kc6 41. a3 a5 42. bxa5 bxa5 43. c5 Kb5 44. a4+ Kc6 45. f4 Kc7 46. Kc4 Kc6 47. Kd4 Kc7 48. Kc4 Kc6 49. Kd4 1/2-1/2

[Event "Early-Titled-Tuesday-Blitz-November-28-2023"]
[Site "Chess.com"]
[Date "2023.11.28"]
[Round "7"]
[White "Gyulamiryan-koryun"]
[Black "KorolDimitriy75"]
[Result "1-0"]
[WhiteElo "1943"]
[BlackElo "2312"]
[TimeControl "180+1"]
[EndTime "9:24:04 PST"]
[Termination "Gyulamiryan-koryun won by checkmate"]

1. e4 c5 2. Nf3 d6 3. d4 cxd4 4.
Nxd4 Nf6 5. Nc3 g6 6. Be3 Bg7 7. f3 O-O 8. Qd2 Nc6 9. O-O-O d5 10. Nxc6 bxc6 11. e5 Nd7 12. f4 e6 13. h4 c5 14. Nb5 Ba6 15. h5 Rb8 16. a4 Qb6 17. hxg6 fxg6 18. g4 Rf7 19. Qh2 Nf8 20. b3 Rfb7 21.
f5 exf5 22. gxf5 gxf5 23. Nd6 Qc7 24. Bxa6 Rb6 25. Bd3 c4 26. Bxf5 cxb3 27. Bxh7+ Nxh7 28. Qxh7+ Kf8 29. Rdf1+ Ke7 30. Qxg7+ Kd8 31. Rh8# 1-0

[Event "Early-Titled-Tuesday-Blitz-November-28-2023"]
[Site "Chess.com"]
[Date "2023.11.28"]
[Round "7"]
[White "giomar27"]
[Black "DarZay"]
[Result "1-0"]
[WhiteElo "2433"]
[BlackElo "2242"]
[TimeControl "180+1"]
[EndTime "9:24:08 PST"]
[Termination "giomar27 won by resignation"]

1. e4 c5 2. Nf3 Nc6 3. Bc4 Na5 4.
Be2 e6 5. O-O d5 6. exd5 exd5 7.
d4 c4 8. b3 cxb3 9. axb3 Nc6 10.
Bb5 Bd6 11. Re1+ Ne7 12. c4 O-O 13. Nc3 Bg4 14. Bxc6 bxc6 15. c5 Bc7 16. h3 Bh5 17. Qd3 Bg6 18. Qe2 Nf5 19. Qa6 Qf6 20. Bg5 Qxg5 21. Nxg5 Nxd4 22. Nf3 Nc2 23. Qxc6 Nxa1 24.
Rxa1 Rac8 25. Qxd5 Rfd8 26. Qc4 Bd3 27. Qb4 Rb8 28. Qa3 Bf4 29. Rd1 Bc2 30. Rxd8+ Rxd8 31. g3 Bh6 32. Qxa7 g6 33. c6 Rd3 34. c7 Rxc3 35. Qb8+ Kg7 36. c8=Q Rxf3 37. Qe5+ Rf6 38. Qxc2 1-0

[Event "Early-Titled-Tuesday-Blitz-November-28-2023"]
[Site "Chess.com"]
[Date "2023.11.28"]
[Round "7"]
[White "szachuspl"]
[Black "KVAIDAN"]
[Result "1-0"]
[WhiteElo "2525"]
[BlackElo "2355"]
[TimeControl "180+1"]
[EndTime "9:24:11 PST"]
[Termination "szachuspl won on time"]

1. d4 e6 2. c4 f5 3. g4 fxg4 4. e4 e5 5. dxe5 Nc6 6. Bf4 Bb4+ 7. Nc3 Qe7 8. Qd5 Qe6 9. Ne2 Nge7 10. Qxe6 dxe6 11. O-O-O O-O 12. Bg3 Ng6 13. Nb5 Ba5 14. a3 a6 15. Nbd4 Ncxe5 16. b4 Bb6 17. c5 Ba7 18. Nc3 a5 19. Ndb5 axb4 20. axb4 Bb8 21. Kb2 b6 22. cxb6 cxb6 23. h4 Bb7 24. Nd6 Bxd6 25. Rxd6 Rae8 26. Rxb6 Rb8 27. Rxe6 Bxe4 28. Nxe4 Rxb4+ 29. Kc3 Rxe4 30. Bg2 Rc4+ 31. Kb3 Rb8+ 32. Ka3 Rc5 33. Ra6 Nc4+ 34. Ka2 Nge5 35. Rc1 Rb4 36.
h5 h6 37. Be4 1-0

[Event "Early-Titled-Tuesday-Blitz-November-28-2023"]
[Site "Chess.com"]
[Date "2023.11.28"]
[Round "7"]
[White "abelmat"]
[Black "elchacal664"]
[Result "1-0"]
[WhiteElo "1983"]
[BlackElo "2325"]
[TimeControl "180+1"]
[EndTime "9:24:12 PST"]
[Termination "abelmat won on time"]

1. d4 e5 2. e3 Nc6 3. c3 d5 4. Nd2 Nf6 5. dxe5 Nxe5 6. Ngf3 Nxf3+ 7. Nxf3 Bd6 8. Be2 Qe7 9. O-O O-O 10. b3 Bd7 11.
Bb2 Rfd8 12. c4 dxc4 13. Bxc4 Bg4 14. Qe2 c6 15. a4 Nd5 16. h3 Bh5 17. Rad1 Nb6 18.
Bd3 Nd5 19. Qc2 Bg6 20. Bxg6 hxg6 21. Nd4 Qe5 22. Nf3 Qh5 23. Rd4 Be7 24. Rfd1 Bf6 25. R4d2 Re8 26. Bxf6 Nxf6 27. Rd4 g5 28. Qc5 1-0

[Event "Early-Titled-Tuesday-Blitz-November-28-2023"]
[Site "Chess.com"]
[Date "2023.11.28"]
[Round "7"]
[White "koncheto"]
[Black "AndresDelgado77"]
[Result "1-0"]
[WhiteElo "2526"]
[BlackElo "2277"]
[TimeControl "180+1"]
[EndTime "9:24:15 PST"]
[Termination "koncheto won on time"]

1. e4 e6 2. d4 d5 3. Nd2 Nc6 4.
Ngf3 Nf6 5. e5 Nd7 6. c3 f6 7. Nh4 fxe5 8. Qh5+ g6 9. Nxg6 Nf6 10. Qh3 hxg6 11. Qxh8 exd4 12. Nf3 e5 13. Bb5 Qd6 14. Bh6 dxc3 15. bxc3 e4 16. Ne5 Bd7 17. Bxf8 Qxf8 18.
Qxf8+ Kxf8 19. Nxg6+ Kg7 20. Nf4 Ne5 21. Bxd7 Nexd7 22. O-O-O Nb6 23. Rhe1 Re8 24. f3 c6 25. g4 exf3 26. g5 Ne4 27. h4 Rf8 28. Ne6+ Kf7 29.
Nxf8 Kxf8 30. Rf1 f2 31. g6 Kg7 32. h5 Nc4 33. Rd4 1-0

[Event "Early-Titled-Tuesday-Blitz-November-28-2023"]
[Site "Chess.com"]
[Date "2023.11.28"]
[Round "7"]
[White "Timerkhanov"]
[Black "Goffredo_Fofi"]
[Result "1-0"]
[WhiteElo "2690"]
[BlackElo "2467"]
[TimeControl "180+1"]
[EndTime "9:24:16 PST"]
[Termination "Timerkhanov won by resignation"]

1. d4 g6 2. e4 Bg7 3. Nc3 c6 4. h4 d5 5. exd5 cxd5 6. h5 Nc6 7. Be3 e5 8. h6 Bf8 9. Nf3 e4 10. Ne5 f6 11. Nxc6 bxc6 12. Qd2 Rb8 13. Na4 Bb4 14.
c3 Bd6 15. Bf4 Ne7 16. Bxd6 Qxd6 17. Nc5 O-O 18. b4 f5 19. Qg5 f4 20. Be2 Rf5 21.
Qh4 f3 22. g4 Rf4 23. Bf1 Rxg4 24. Qh2 Qxh2 25. Rxh2 Rf4 26. O-O-O Rf7 27. a3 Bf5 28. c4 Nc8 29. cxd5 cxd5 30. Ba6 Nd6 31. Rhh1 Bc8 32. Bf1 Rc7 33. Kd2 Bf5 34. Ke3 Rbc8 35. b5 Bd7 36. a4 Kf7 37. Kd2 Nb7 38. Nxd7 Rxd7 39. Bh3 Rdc7 40. Bxc8 Rxc8 41. Rc1 Rxc1 42. Rxc1 1-0

[Event "Early-Titled-Tuesday-Blitz-November-28-2023"]
[Site "Chess.com"]
[Date "2023.11.28"]
[Round "7"]
[White "Zhigalko_Sergei"]
[Black "FunnyDuck66"]
[Result "1-0"]
[WhiteElo "2913"]
[BlackElo "2559"]
[TimeControl "180+1"]
[EndTime "9:24:17 PST"]
[Termination "Zhigalko_Sergei won by resignation"]

1. e4 c6 2. d4 d5 3. e5 Bf5 4. Nf3 e6 5. Be2 Nd7 6. O-O a5 7. a4 f6 8. Bf4 g5 9. Bg3 Bg7 10.
Nbd2 h5 11. exf6 Bxf6 12. Ra3 g4 13. Ne5 Nxe5 14. Bxe5 Bxe5 15. dxe5 Nh6 16. Nb3 O-O 17. Qd2 Kh7 18. Nd4 c5 19. Nxf5 Nxf5 20. h3 gxh3 21. Rxh3 h4 22. Qf4 Rg8 23. Bd3 Qg5 24. Rxh4+ Kg6 25.
Rg4 1-0

[Event "Early-Titled-Tuesday-Blitz-November-28-2023"]
[Site "Chess.com"]
[Date "2023.11.28"]
[Round "7"]
[White "Roman_Ovetchkin"]
[Black "Bauman_Guy"]
[Result "0-1"]
[WhiteElo "2656"]
[BlackElo "2886"]
[TimeControl "180+1"]
[EndTime "9:24:18 PST"]
[Termination "Bauman_Guy won by resignation"]

1. e4 c5 2. Nf3 d6 3. d4 cxd4 4. Nxd4 Nf6 5. Nc3 a6 6. Rg1 e5 7. Nb3 h5 8. h3 Be6 9. g4 hxg4 10.
hxg4 d5 11. g5 Nxe4 12. Nxe4 dxe4 13. Qxd8+ Kxd8 14. Bg2 Nc6 15. Bxe4 Kc7 16. Be3 Rd8 17. c3 Be7 18. Nd2 f5 19. gxf6 gxf6 20. Rg7 Rdg8 21. Rxg8 Rxg8 22. O-O-O f5 23. Bxc6 Kxc6 24. Re1 e4 25. Kc2 Rg2 26. Nb3 Bxb3+ 27. axb3 f4 28. Bd4 e3 29. Kd3 Rxf2 30. Ke4 Bd6 31. Rh1 Rxb2 32.
b4 Rd2 33. Re1 Kb5 34. Kd5 Bb8 35. Ra1 Bc7 36. Re1 e2 37. Ke4 Kc4 0-1

[Event "Early-Titled-Tuesday-Blitz-November-28-2023"]
[Site "Chess.com"]
[Date "2023.11.28"]
[Round "7"]
[White "hakanazeri2"]
[Black "falzehope0"]
[Result "0-1"]
[WhiteElo "2545"]
[BlackElo "2381"]
[TimeControl "180+1"]
[EndTime "9:24:20 PST"]
[Termination "falzehope0 won by resignation"]

1. Nf3 e6 2. c4 d5 3. d4 c6 4. Qc2 f5 5. Nc3 Bd6 6. Bg5 Ne7 7. e3 O-O 8. c5 Bc7 9. Bf4 Ng6 10. g3 Nd7 11. h4 e5 12. dxe5 Ndxe5 13. Nxe5 Nxe5 14. Bg2 Qe7 15. b4 a5 16. Bxd5+ cxd5 17. Nxd5 Qf7 18. Nxc7 Qxc7 19. Qc3 Qc6 20. O-O-O Ng6 21. h5 Nxf4 22. gxf4 axb4 23. Qd4 Rxa2 24. Rhg1 Qf6 25. Qxf6 Rxf6 26. h6 g6 27. Rd8+ Rf8 28.
Rd6 Ra1+ 0-1

[Event "Early-Titled-Tuesday-Blitz-November-28-2023"]
[Site "Chess.com"]
[Date "2023.11.28"]
[Round "7"]
[White "Lion-Al-Messi"]
[Black "masenik"]
[Result "0-1"]
[WhiteElo "2619"]
[BlackElo "2501"]
[TimeControl "180+1"]
[EndTime "9:24:24 PST"]
[Termination "masenik won by resignation"]

1. Nc3 d5 2. d4 Nf6 3. Bg5 Ne4 4.
Nxe4 dxe4 5. e3 h6 6. Bh4 g6 7.
Bc4 Bg7 8. Ne2 a6 9. a4 c5 10. O-O Nc6 11. c3 Na5 12. Ba2 c4 13. Ng3 g5 14. Nh5 Bf8 15. Bg3 Bf5 16. Qe2 Rc8 17. f3 Qd7 18. fxe4 Bg4 19. Qf2 Bxh5 20. e5 Bg7 21. d5 Qxd5 22. Bb1 Nb3 23. e6 Qxe6 24. Bf5 Qc6 25. Bg4 Bg6 26. Bxc8 Nxa1 27. Bf5 Nb3 28.
Bxg6 Qxg6 29. Qf3 O-O 30. Qxb7 Qe6 31. e4 Nc5 32. Qa7 Nxa4 33. h4 Nxb2 34. hxg5 hxg5 35. Qc5 g4 36. Qg5 Nd3 37. Rf5 Qg6 38. Qe3 Bh6 39. Qd4 e6 40. Rf6 Qg7 41. Bd6 Rd8 42. e5 Nxe5 43.
Qxe5 Rxd6 0-1

[Event "Early-Titled-Tuesday-Blitz-November-28-2023"]
[Site "Chess.com"]
[Date "2023.11.28"]
[Round "7"]
[White "Journey_to_GrandMaster_YT"]
[Black "pirulillo"]
[Result "1-0"]
[WhiteElo "2532"]
[BlackElo "2308"]
[TimeControl "180+1"]
[EndTime "9:24:26 PST"]
[Termination "Journey_to_GrandMaster_YT won by resignation"]

1. d4 Nf6 2. Nf3 g6 3. g3 Bg7 4. Bg2 O-O 5. O-O d6 6. b3 a5 7. Bb2 a4 8. c4 c6 9. Nc3 axb3 10. axb3 Rxa1 11. Qxa1 Na6 12. Rd1 Bf5 13. Nh4 Bc2 14. Rd2 Bxb3 15. c5 dxc5 16. Nf3 c4 17. e4 Qa8 18. d5 cxd5 19. Nxd5 Nxd5 20. Bxg7 Nf6 21.
Bxf8 Kxf8 22. Ng5 Kg8 23. e5 Ne8 24. e6 f6 25. Ne4 Nac7 26. Qxa8 Nxa8 27. Rd8 Nc7 28. Nc3 Kg7 29. Bxb7 Nd6 30. Bd5 Nxd5 31. Nxd5 c3 32. Nxc3 Bxe6 33. Ra8 Kf7 34. Ra7 Nf5 35. f4 h5 36. Ne4 Kf8 37. Nc5 Kf7 38. Kf2 Bd5 39. Nd3 Nd6 40. Nb4 Be6 41. Nc6 Nf5 42. Nd8+ 1-0

[Event "Early-Titled-Tuesday-Blitz-November-28-2023"]
[Site "Chess.com"]
[Date "2023.11.28"]
[Round "7"]
[White "fighter2jz"]
[Black "Jospem"]
[Result "0-1"]
[WhiteElo "2849"]
[BlackElo "3054"]
[TimeControl "180+1"]
[EndTime "9:24:28 PST"]
[Termination "Jospem won by resignation"]

1. e4 c5 2. Nf3 d6 3. d4 cxd4 4.
Nxd4 a6 5. c4 e6 6. Nc3 Nf6 7. Be2 b6 8. O-O Bb7 9. Qd3 Nbd7 10. b4 Be7 11. f4 O-O 12. Bd2 Rc8 13. Rac1 g6 14. Nb3 Qc7 15. g4 Rfd8 16. g5 Ne8 17. f5 Ne5 18. Qh3 Qd7 19. fxe6 fxe6 20. Nd4 Ng7 21. Rf6 Nxc4 22. Bg4 Ne5 23. Bxe6+ Nxe6 24. Rxe6 Rc4 25. Nd5 Bxd5 26. exd5 Rxd4 0-1

[Event "Early-Titled-Tuesday-Blitz-November-28-2023"]
[Site "Chess.com"]
[Date "2023.11.28"]
[Round "7"]
[White "Mystery2007"]
[Black "EvgenyBurmakin"]
[Result "0-1"]
[WhiteElo "2550"]
[BlackElo "2426"]
[TimeControl "180+1"]
[EndTime "9:24:28 PST"]
[Termination "EvgenyBurmakin won by checkmate"]

1. Nf3 Nf6 2. c4 g6 3. b3 Bg7 4. Bb2 O-O 5. g3 d6 6. Bg2 e5 7. d3 Nc6 8. O-O h6 9. Nbd2 Be6 10. a3 Qd7 11. Re1 a5 12. Qc2 Bh3 13. Bh1 Ng4 14. e3 f5 15. Nh4 Kh7 16. f3 Nf6 17. d4 g5 18. Ng2 Kh8 19. d5 Ne7 20. e4 f4 21. Nf1 Ng6 22. b4 g4 23. fxg4 Nxg4 24. gxf4 exf4 25. Nd2 f3 26. Nxf3 Rxf3 27. e5 N6xe5 28.
Nh4 Rf2 29. Ng6+ Nxg6 30. Qxg6 Bxb2 31. Ra2 Bd4 32. Be4 Rf1# 0-1

[Event "Early-Titled-Tuesday-Blitz-November-28-2023"]
[Site "Chess.com"]
[Date "2023.11.28"]
[Round "7"]
[White "AsaHoffmann"]
[Black "FMStan15"]
[Result "1/2-1/2"]
[WhiteElo "2351"]
[BlackElo "2073"]
[TimeControl "180+1"]
[EndTime "9:24:28 PST"]
[Termination "Game drawn by agreement"]

1. d4 Nf6 2. Bg5 h6 3. Bh4 d5 4.
e3 Bf5 5. Bd3 Bxd3 6. Qxd3 c6 7.
Nd2 e6 8. f4 Be7 9. Ngf3 Nbd7 10.
Ne5 Nxe5 11. fxe5 Nd7 12. Bxe7 Qxe7 13. O-O O-O 14. e4 dxe4 15. Nxe4 f5 16. exf6 Nxf6 17. Rae1 Nxe4 18. Qxe4 Rxf1+ 19. Kxf1 Rf8+ 20. Kg1 Rf6 21. a3 Qd6 22. g3 Qd5 23. b3 Qxe4 24. Rxe4 Kf7 25.
c4 Ke7 26. Kg2 Kd6 27. g4 g5 28. Kg3 Rf1 29. Re3 Rd1 30. c5+ Kd5 31. Re5+ Kxd4 32.
Rxe6 Kxc5 33. Rxh6 Rd3+ 34. Kg2 Rxb3 35. Rg6 Rxa3 36. Rxg5+ Kd6 37. h4 b5 38. h5 Re3 39. h6 Re8 40. h7 Rh8 41. Rh5 Ke6 42.
g5 Kf5 43. Kg3 Kg6 44. Rh6+ Kxg5 45. Rxc6 Rxh7 46. Rc5+ Kf6 47. Rxb5 Re7 48. Kf4 Kf7 49. Re5 Rb7 50. Ke4 Re7 51. Rxe7+ Kxe7 52. Kd5 Kd7 53. Kc5 Kc7 54. Kb5 Kb7 55. Ka5 a6 56. Ka4 Kb6 57.
Kb4 a5+ 58. Ka4 Ka6 59. Ka3 Kb5 1/2-1/2

[Event "Early-Titled-Tuesday-Blitz-November-28-2023"]
[Site "Chess.com"]
[Date "2023.11.28"]
[Round "7"]
[White "OK97"]
[Black "DanylaBagrov"]
[Result "1-0"]
[WhiteElo "2787"]
[BlackElo "2589"]
[TimeControl "180+1"]
[EndTime "9:24:29 PST"]
[Termination "OK97 won by resignation"]

1. c4 d6 2. Nc3 e5 3. g3 Be6 4. Bg2 c6 5. d3 f5 6. Nf3 Be7 7. O-O Nf6 8. b4 h6 9. b5 O-O 10. Rb1 Qc7 11. a4 Nbd7 12. Ba3 Rae8 13. Nd2 g5 14.
Qb3 c5 15. Nd5 Nxd5 16. cxd5 Bf7 17. Nc4 b6 18. a5 Nf6 19. Bb2 Kh7 20. Ra1 Nxd5 21.
Nxe5 dxe5 22. Bxd5 Bg6 23. axb6 axb6 24. Ra6 Rd8 25.
Rfa1 Qd6 26. Bc6 f4 27. Rxb6 fxg3 28. hxg3 Rf7 29. Be4 Bxe4 30. Qxf7+ Kh8 31. Rxd6 1-0

[Event "Early-Titled-Tuesday-Blitz-November-28-2023"]
[Site "Chess.com"]
[Date "2023.11.28"]
[Round "7"]
[White "dianamirza"]
[Black "HanSchut"]
[Result "0-1"]
[WhiteElo "1987"]
[BlackElo "2277"]
[TimeControl "180+1"]
[EndTime "9:24:29 PST"]
[Termination "HanSchut won on time"]

1. e4 c5 2. Nf3 d6 3. d4 cxd4 4. Nxd4 Nf6 5. Nc3 a6 6. f3 e5 7.
Nf5 d5 8. Bg5 d4 9. Nd5 Bxf5 10.
Bxf6 gxf6 11. Bc4 Be6 12. f4 Nc6 13. f5 Bxd5 14. Bxd5 Bb4+ 15. Kf1 Qd7 16. a3 Bd6 17. Qh5 Rf8 18. Qxh7 O-O-O 19. Qh4 Ne7 20. Bb3 Qb5+ 21. Kg1 Bc5 22. h3 d3+ 23. Kh2 d2 24. Qxf6 Qe2 25. Rhd1 Qxe4 26. Bc4 Qxc4 27. b3 Qf4+ 28.
g3 Qxf5 0-1

[Event "Early-Titled-Tuesday-Blitz-November-28-2023"]
[Site "Chess.com"]
[Date "2023.11.28"]
[Round "7"]
[White "Alexander_Donchenko"]
[Black "rasmussvane"]
[Result "1-0"]
[WhiteElo "2905"]
[BlackElo "2992"]
[TimeControl "180+1"]
[EndTime "9:24:37 PST"]
[Termination "Alexander_Donchenko won on time"]

1. Nf3 d5 2. g3 Nd7 3. d4 Nb6 4. Bg2 Bf5 5. O-O e6 6. b3 h6 7. c4 c6 8. Nbd2 Nf6 9. Bb2 Be7 10. Ne5 O-O 11. Re1 a5 12. a3 Re8 13. c5 Nbd7 14. Nxd7 Nxd7 15. b4 Bf6 16. e4 dxe4 17. Nxe4 Bxe4 18. Bxe4 Qc7 19. Bc2 Nf8 20. Bc3 axb4 21.
axb4 Rxa1 22. Qxa1 Rd8 23. Kg2 g6 24. h4 h5 25. Rd1 Bg7 26. Be4 Qd7 27. Qa7 Qc8 28. b5 Nd7 29. Ba5 Rf8 30. bxc6 bxc6 31. Bc7 Nb8 32. Rb1 Na6 33. Bd6 Qa8 34. Qxa8 Rxa8 35.
Bxc6 Rd8 36. Rb6 Nc7 37. Bxc7 Rxd4 38. Bf4 Rc4 39. Be3 1-0